 Dungeon Crawl Stone Soup version 0.21.1-1-g345015f (webtiles) character file.

705 inc the Transmogrifier (level 7, -1/48 HPs)
             Began as a Merfolk Transmuter on June 18, 2018.
             Slain by a centaur (3 damage)
             ... on level 5 of the Dungeon.
             The game lasted 00:08:01 (5024 turns).

inc the Transmogrifier (Merfolk Transmuter)         Turns: 5024, Time: 00:08:02

Health: -1/48      AC:  3    Str: 11    XL:     7   Next: 67%
Magic:  5/10       EV: 13    Int: 14    God:
Gold:   183        SH:  0    Dex: 18    Spells: 1/10 levels left

rFire    . . .     SeeInvis .     - Unarmed
rCold    . . .     Gourm    .   (shield currently unavailable)
rNeg     . . .     Faith    .   b - +0 robe
rPois    .         Spirit   .   h - +0 helmet
rElec    .         Reflect  .   (no cloak)
rCorr    .         Harm     .   (gloves currently unavailable)
MR       .....                  (no boots)
Stlth    ++........             e - amulet of rage
HPRegen  0.16/turn              u - +4 ring of dexterity
MPRegen  0.12/turn              (no ring)

@: blade hands
A: change form in water, swift swim, stealthy swim
a: End Transformation, Evoke Berserk Rage


You were on level 5 of the Dungeon.
You were hungry.
You had blades for hands.
You visited 1 branch of the dungeon, and saw 5 of its levels.

You collected 183 gold pieces.

Inventory:

Missiles
 a - 35 arrows
Armour
 b - a +0 robe (worn)
 g - a +0 leather armour
 h - a +0 helmet (worn)
Jewellery
 e - an amulet of rage (around neck)
 u - a +4 ring of dexterity (left scythe-like blade)
Wands
 j - a wand of iceblast (20)
Scrolls
 i - a scroll of enchant weapon {unknown}
 k - 2 scrolls of noise {unknown}
 l - 6 scrolls of teleportation {unknown}
 m - 3 scrolls of identify {unknown}
 n - a scroll of enchant armour {unknown}
 p - a scroll of magic mapping {unknown}
 q - a scroll of random uselessness {unknown}
 w - a scroll of fog {unknown}
 x - a scroll of immolation {unknown}
Potions
 f - a potion of brilliance {unknown}
 o - a potion of haste {unknown}
 r - 2 potions of curing {unknown}
 s - 2 potions of berserk rage {unknown}
 t - a potion of agility {unknown}
 v - 2 potions of cancellation {unknown}
Books
 c - a book of Changes

   Spells                             Type                      Level
   a - Beastly Appendage              Transmutation                1
   b - Sticks to Snakes               Transmutation                2
   c - Spider Form                    Transmutation/Poison         3
   d - Ice Form                       Ice/Transmutation            4
   e - Blade Hands                    Transmutation                5
Comestibles
 d - 3 rations


   Skills:
 + Level 1.1 Fighting
 + Level 2.6 Dodging
 - Level 3.2 Unarmed Combat
 - Level 2.0 Spellcasting
 - Level 10.9 Transmutations


You had one spell level left.
You knew the following spells:

 Your Spells              Type           Power        Failure   Level  Hunger
a - Beastly Appendage     Tmut           ####..       10%         1    ##.....
b - Spider Form           Tmut/Pois      ###.......   41%         3    ####...
c - Blade Hands           Tmut           ####......   41%         5    ######.


Dungeon Overview and Level Annotations

Branches:
Dungeon (5/15)
 Temple: D:4-7

Altars:

Shops:
D:4 %


Message History

The centaur shoots an arrow.
The arrow hits you.
A hound zombie comes into view.
Unknown command.
You hit the orc.
The orc is heavily wounded.
The centaur shoots an arrow.
The arrow misses you. The orc closely misses you.
Unknown command.
The centaur unwields an uncursed shortbow.
The centaur hits you. x2
You hit the centaur.
The centaur is lightly wounded.
The centaur closely misses you. The orc hits you with a flail!
* * * LOW HITPOINT WARNING * * *
Unknown command.
You slash the centaur!
The centaur is heavily wounded.
The centaur hits you.
* * * LOW HITPOINT WARNING * * *
The centaur hits you.
You die...

....#.# #.##
#.#.#.# #..<
#.#.#.# #.##
#### #.#.#.#
#)# ...
#.#.#.###.##
..#
#........#.#
#.#
#...########
#.# #...#
#.##@#####...#
#.ZcoZ...((..#
#..#.#####...#
.....#.#
#....... ..##.
#.# #..##.## .
.. #.. ....
... .. ...
...## ### ##.
#.# #### ..


You could see a centaur, an orc, a hound zombie and a centaur zombie.

Vanquished Creatures
  The ghost of kalagan the Chiller, an amateur DEIE (D:3)
  2 ogres
  A scorpion (D:4)
  An orc priest (D:4)
  An orc wizard (D:3)
  Ijyb (D:4)
  Terence (D:2)
  An iguana (D:4)
  Natasha (twice) (D:2)
  2 worker ants (D:3)
  5 adders
  2 adder skeletons (D:4)
  4 worms
  3 dart slugs
  2 leopard geckos
  8 orcs
  5 goblins
  5 hobgoblins
  6 jackals
  10 kobolds
  A quokka (D:2)
  7 bats
  13 frilled lizards
  6 rats
90 creatures vanquished.

Notes
Turn   | Place    | Note
-------+----------+-------------------------------------------
     0 | D:1      | inc the Merfolk Transmuter began the quest for the Orb.
     0 | D:1      | Reached XP level 1. HP: 15/15 MP: 3/3
   146 | D:1      | Reached skill level 3 in Transmutations
   322 | D:1      | You fall through a shaft!
   352 | D:2      | Reached XP level 2. HP: 21/21 MP: 5/5
   591 | D:1      | Reached skill level 4 in Transmutations
   768 | D:1      | Reached XP level 3. HP: 11/26 MP: 6/6
  1404 | D:2      | Reached skill level 5 in Transmutations
  1676 | D:2      | Learned a level 3 spell: Spider Form
  1825 | D:2      | Reached XP level 4. HP: 28/32 MP: 7/7
  1876 | D:2      | Noticed Terence
  1892 | D:2      | Killed Terence
  1892 | D:2      | Reached skill level 6 in Transmutations
  2139 | D:2      | Noticed Natasha
  2144 | D:2      | Killed Natasha
  2144 | D:2      | Reached XP level 5. HP: 37/37 MP: 4/8
  2235 | D:2      | Noticed Natasha
  2244 | D:2      | Killed Natasha
  2244 | D:2      | Reached skill level 7 in Transmutations
  2408 | D:3      | Noticed kalagan's ghost (amateur DEIE)
  2510 | D:3      | Noticed an ogre
  3102 | D:3      | HP: 1/37 [poisoned by a worker ant]
  3446 | D:3      | Killed an ogre
  3446 | D:3      | Reached skill level 8 in Transmutations
  3446 | D:3      | Reached XP level 6. HP: 43/43 MP: 9/9
  3452 | D:3      | Killed kalagan's ghost
  3452 | D:3      | Reached skill level 9 in Transmutations
  3536 | D:3      | Learned a level 5 spell: Blade Hands
  3601 | D:3      | Reached XP level 7. HP: 34/48 MP: 3/10
  3852 | D:4      | Noticed Ijyb
  3856 | D:4      | Killed Ijyb
  3978 | D:4      | Found Rimayrias's Food Shoppe.
  4157 | D:4      | Reached skill level 10 in Transmutations
  5000 | D:5      | Entered Level 5 of the Dungeon
  5024 | D:5      | HP: 2/48 [centaur (5)]
  5024 | D:5      | Slain by a centaur

Skill      XL: |  1  2  3  4  5  6  7 |
---------------+----------------------+-----
Transmutations | 3 4 5 6 8 9 10 | 10.9
Fighting       | |  1.1
Dodging        | |  2.6
Unarmed Combat | |  3.2
Spellcasting   | |  2.0

Action                   |  1- 3 |  4- 6 |  7- 9 || total
-------------------------+-------+-------+-------++-------
Melee: Unarmed           |   167 |   170 |    51 ||   388
 Cast: Spider Form       |     1 |     6 |     3 ||    10
       Blade Hands       |       |     2 |     8 ||    10
 Abil: Evoke Berserk Rag |       |     3 |       ||     3
  Use: Potion            |       |     1 |       ||     1
 Stab: Sleeping          |     3 |       |     1 ||     4
       Invisible         |       |     1 |       ||     1
  Eat: Chunk             |     3 |     7 |     7 ||    17
       Ration            |       |     1 |       ||     1
Armor: Leather armour    |    47 |    35 |       ||    82
       Skin              |       |     4 |       ||     4
       Robe              |       |       |     1 ||     1
Dodge: Dodged            |   105 |   119 |    33 ||   257
